 Dungeon Crawl Stone Soup version 0.28-a0-863-g8cecda6153 (webtiles) character file.

Game seed: 11708256540878622671

44 kae the Skirmisher (level 3, 0/29 HPs)
             Began as a Demonspawn Abyssal Knight on Nov 18, 2021.
             Was a Believer of Lugonu.
             Succumbed to an adder's poison
             ... on level 2 of the Dungeon.
             The game lasted 00:00:53 (1897 turns).

kae the Skirmisher (Demonspawn Abyssal Knight)      Turns: 1897, Time: 00:00:54

Health: 0/29       AC:  3    Str: 14    XL:     3   Next: 39%
Magic:  5/5        EV: 11    Int: 13    God:    Lugonu [**....]
Gold:   17         SH:  0    Dex: 13    Spells: 2/2 levels left

rFire   . . .      SeeInvis .   a - +2 falchion
rCold   . . .      Faith    .   (no shield)
rNeg    . . .      Spirit   .   b - +0 leather armour
rPois   .          Reflect  .   (helmet restricted)
rElec   .          Harm     .   (no cloak)
rCorr   .          Rampage  .   (no gloves)
Will    .....                   (no boots)
Stlth   +.........              (no amulet)
HPRegen 0.09/turn               (no ring)
MPRegen 0.09/turn               (no ring)

@: lethally poisoned (0 -> -10)
A: antennae 1, big brain 1
a: Renounce Religion, Depart the Abyss, Bend Space


You were on level 2 of the Dungeon.
You worshipped Lugonu.
Lugonu was pleased with you.
You visited 1 branch of the dungeon, and saw 2 of its levels.
You visited the Abyss 1 time.

You collected 17 gold pieces.

Inventory:

Hand Weapons
 a - a +2 falchion (weapon)
Armour
 b - a +0 leather armour (worn)
Scrolls
 e - 2 scrolls of identify
Potions
 f - a potion of degeneration


   Skills:
 + Level 3.2 Fighting
 * Level 2.5 Long Blades
 + Level 2.1 Armour
 + Level 1.3 Dodging
 + Level 3.1 Invocations


You had 2 spell levels left.
You didn't know any spells.
Your spell library was empty.

Dungeon Overview and Level Annotations

Branches:
Dungeon (2/15)

Altars:

Shops:
D:2 (


Innate Abilities, Weirdness & Mutations

You have a pair of small antennae on your head.
You have an unusually large brain. (Int +2)


Message History

The frilled lizard bites you but does no damage.
There is a stone staircase leading up here.
You hit the adder.
The adder is severely wounded.
The adder bites you.
You are poisoned.
The adder poisons you! The adder bites you.
You are more poisoned.
The adder poisons you! The frilled lizard closely misses you.
You barely miss the adder.
The adder is severely wounded.
You feel very sick. The adder bites you.
You are more poisoned.
The adder poisons you! The frilled lizard closely misses you.
You closely miss the adder.
The adder is severely wounded.
You feel very sick. The adder bites you.
You are lethally poisoned!
The adder poisons you! The frilled lizard barely misses you.
The adder barely misses you. The rat barely misses you.
You closely miss the adder.
The adder is severely wounded.
You feel very sick. The adder barely misses you.
The frilled lizard hisses.
The frilled lizard closely misses you. The rat bites you.
* * * LOW HITPOINT WARNING * * *
You barely miss the adder.
The adder is severely wounded.
* * * LOW HITPOINT WARNING * * *
You feel very sick. The adder bites you but does no damage.
The frilled lizard barely misses you. The rat barely misses you.
The adder bites you.
* * * LOW HITPOINT WARNING * * *
The frilled lizard barely misses you.
You hit the adder.
The adder is almost dead.
You die...

## #.
.#####.#########
.........l.l.r.#
.#..######.######.#
....>.l@S..# #.# .
......##r###
#.#####. ##.## #.#
#rl..≈.. #.#
#...≈.≈. #.#
#..≈...≈ #.#
#.≈..∩.. #.. ###
#..≈...≈ #..
...###...≈.≈.
#........≈..


You could see an adder, a frilled lizard and a rat.

Vanquished Creatures
  A gnoll (D:1)
  2 endoplasms (D:1)
  3 goblins (D:1)
  4 hobgoblins (D:1)
  3 jackals (D:1)
  3 kobolds (D:1)
  2 quokkas (D:1)
  5 ball pythons
  A bat (D:1)
  4 frilled lizards (D:1)
  3 rats (D:1)
31 creatures vanquished.

Notes
Turn   | Place    | Note
-------+----------+-------------------------------------------
     0 | Abyss:1  | kae the Demonspawn Abyssal Knight began the quest for the
                  | Orb.
     0 | Abyss:1  | Reached XP level 1. HP: 18/18 MP: 2/2
    13 | D:1      | Escaped the Abyss
    83 | D:1      | Reached skill level 1 in Dodging
   210 | D:1      | Gained mutation: You have a pair of small antennae on your
                  | head. [demonic ancestry]
   210 | D:1      | Reached XP level 2. HP: 15/24 MP: 4/4
   552 | D:1      | Gained mutation: You have an unusually large brain. (Int
                  | +2) [demonic ancestry]
   552 | D:1      | Reached XP level 3. HP: 7/29 MP: 5/5
   994 | D:1      | Reached ** piety under Lugonu
  1652 | D:2      | Found Cuplueli's Weapon Shop.
  1897 | D:2      | Succumbed to an adder's poison

Illustrated notes

Levels and vault maps discovered:
D:1:      dpeg_arrival_another_circle, layout_loops_ring, minmay_tetromino_o4
D:2:      layout_loops_ring, serial_shops,
          nicolae_shop_temple_entry_statues_fountains, nicolae_diamond_shop,
          shop, nicolae_shop_behind_doors, nicolae_shop_overgrown_old_shop,
          hellmonk_ecumenical_altar_crossroads, minmay_misc_feat_tiny

Skill      XL: |  1  2 |
---------------+-------+-----
Dodging        | 1 |  1.3
Long Blades    | 2 |  2.5
Armour         | 2 |  2.1
Invocations    | 3 |  3.1
Fighting       | |  3.2

Action                   || total
-------------------------++-------
Melee: Falchion          ||   104
  Use: Scroll            ||     5
Armor: Leather armour    ||    20
Dodge: Dodged            ||    74

Table legend: (Time is in decaauts)
 A = Elapsed time spent in this place.
 B = Non-inter-level travel time spent in this place.
 C = Inter-level travel time spent in this place.
 D = Time resting spent in this place.
 E = Time spent auto-exploring this place.
 F = Levels seen in this place.
 G = Mean time per level.
                   A        B        C        D        E       F      G
               +--------+--------+--------+--------+--------+-----+--------+
         Total |   1917 |   1895 |     22 |    406 |   1236 |   3 |  639.0 |
       Dungeon |   1904 |   1882 |     22 |    406 |   1233 |   2 |  952.0 |
         Abyss |     13 |     13 |      0 |      0 |      3 |   1 |   13.0 |
               +--------+--------+--------+--------+--------+-----+--------+

Top non-repeatable levels by time:
     D:1: 1859 daAuts
     D:2: 45 daAuts
 Abyss:1: 13 daAuts
